Match 23646399
Unlisted

Match 23646399
End
Construct Barracks
Selects Advanced Infantry Battlegroup
Riflemen Squad
M1 Mortar Team
Riflemen Squad
Construct Weapon Support Center
Bazooka Squad
Selects Convert to Ranger Squad
Infantry Support Center
M1919 Machine Gun Team
Construct Medical Station
Ranger Squad
Selects Ammunition Storage
Engineer Squad
Selects M2A1 105mm Howitzer Emplacement
Selects Free Fire Drills
Selects Frontline Medical Station
Selects Infantry Assault
Infantry Assault
Grenade Package
rat
500Box
Razuik
iceman
UH|dun! ツ
traat
0
0

Comments sign in to comment!

No comments posted yet!